 Dungeon Crawl Stone Soup version 0.30-a0-137-gd8773701ce (webtiles) character file.

Game seed: 8588156744780113706

133 Flugkiller the Trooper (level 5, -1/46 HPs)
             Began as a Formicid Hunter on Sept 21, 2022.
             Slain by Grinder (6 damage)
             ... on level 3 of the Dungeon.
             The game lasted 00:01:31 (1865 turns).

Flugkiller the Trooper (Formicid Hunter)            Turns: 1865, Time: 00:01:32

Health: -1/46      AC:  4    Str: 16    XL:     5   Next: 39%
Magic:  5/5        EV: 12    Int:  8    God:
Gold:   100        SH:  0    Dex: 19    Spells: 4/4 levels left

rFire   . . .      SeeInvis +    a - +0 shortbow
rCold   . . .      Faith    .    (no shield)
rNeg    . . .      Spirit   .    c - +0 leather armour
rPois   .          Reflect  .    (helmet unavailable)
rElec   .          Harm     .    (no cloak)
rCorr   .          Rampage  .    (no gloves)
Will    .....                    k - +0 pair of boots
Stlth   ++........               (no amulet)
HPRegen 0.15/turn                (no ring)
MPRegen 0.09/turn                (no ring)

@: brilliant
A: permanent stasis, dig shafts and tunnels, antennae 3, four strong arms
a: Dig, Shaft Self


You were on level 3 of the Dungeon.
You visited 1 branch of the dungeon, and saw 3 of its levels.

You collected 100 gold pieces.

Inventory:

Hand Weapons
 a - a +0 shortbow (weapon)
Missiles
 g - 2 throwing nets
Armour
 c - a +0 leather armour (worn)
 h - an orb of guile
   (You found it on level 1 of the Dungeon)
 k - a +0 pair of boots (worn)
   (You found it on level 3 of the Dungeon)
Magical Staves
 r - a staff of earth
   (You found it on level 2 of the Dungeon)
Jewellery
 f - an amulet of regeneration
   (You found it on level 1 of the Dungeon)
Scrolls
 b - a scroll of immolation
 e - 3 scrolls of fear {unknown}
 i - a scroll of amnesia {unknown}
 j - a scroll of magic mapping {unknown}
 m - a scroll of teleportation {unknown}
 p - a scroll of poison {unknown}
 q - 3 scrolls of butterflies {unknown}
 s - 2 scrolls of identify {unknown}
Potions
 n - a potion of attraction


   Skills:
 + Level 5.7 Fighting
 - Level 4.0 Ranged Weapons
 - Level 1.7 Dodging
 - Level 1.2 Stealth


You had 4 spell levels left.
You didn't know any spells.
Your spell library contained the following spells:

 Spells                   Type           Power      Damage    Failure   Level
 Ensorcelled Hibernation  Hex/Ice        0%         N/A       63%         2
 Passwall                 Tmut/Erth      0%         N/A       63%         2
 Swiftness                Air            Unusable   N/A       N/A         3

Dungeon Overview and Level Annotations

Branches:
Dungeon (3/15) Zot: 16084

Altars:

Annotations:
D:3 Grinder


Innate Abilities, Weirdness & Mutations

You cannot be hasted, slowed, berserked, paralysed or teleported.
You can dig through walls and to a lower floor.
You have a pair of large antennae on your head. (SInv)
Your four strong arms can wield two-handed weapons with a shield.


Message History

Your resistance to elements expires.
You see here a +0 pair of boots.
You start putting on your armour.
You continue putting on your +0 pair of boots. x4
You finish putting on your +0 pair of boots.
You see here a giant cockroach corpse.
You now have 100 gold pieces (gained 12).
An endoplasm comes into view.
An endoplasm is nearby!
An endoplasm is nearby!
You shoot an arrow. The arrow hits the endoplasm!
You kill the endoplasm!
No target in view!
No target in view!
No target in view!
No target in view!
No target in view!
Found a stone staircase leading down.
Found a ring mail.
Grinder comes into view.
Grinder shouts!
Grinder gestures at you. You resist with significant effort.
You shoot an arrow.
The arrow hits Grinder but does no damage.
You shoot an arrow. The arrow barely misses Grinder.
Grinder gestures at you. Pain shoots through your body!
You shoot an arrow. The arrow completely misses Grinder.
You shoot an arrow. The arrow hits Grinder!
Grinder is moderately wounded.
You shoot an arrow.
The arrow hits Grinder but does no damage.
Grinder is moderately wounded.
You shoot an arrow. The arrow hits Grinder.
Grinder is moderately wounded.
Grinder hits you!
You writhe in agony.
You shoot an arrow. The arrow hits Grinder.
Grinder is moderately wounded.
Grinder hits you!
You are too injured to fight recklessly!
You are too injured to fight recklessly!
You are too injured to fight recklessly!
You are too injured to fight recklessly!
Non-targeted abil: Dig
Press: ? - help, Q - select action, (/) - cycle Dir - look around, f - activate You extend your mandibles.
Non-targeted abil: Dig
Press: ? - help, Q - select action, (/) - cycle Dir - look around, f - activate
Okay, then.
Fire: a) +0 shortbow
Press: ? - help, Q - select action, (/) - cycle Shift-Dir - straight line, f - Grinder
Aim: Grinder (moderately wounded, 62% to hit)
You shoot an arrow. The arrow barely misses Grinder.
Grinder barely misses you.
Fire: a) +0 shortbow
Press: ? - help, Q - select action, (/) - cycle Shift-Dir - straight line, f/p - Grinder
Aim: Grinder (moderately wounded, 62% to hit)
You shoot an arrow. The arrow hits Grinder!
Grinder is heavily wounded.
Grinder gestures at you.
You struggle to resist.
Grinder hits you.
You writhe in agony.
Fire: a) +0 shortbow
Press: ? - help, Q - select action, (/) - cycle Shift-Dir - straight line, f/p - Grinder
Aim: Grinder (heavily wounded, 62% to hit)
You shoot an arrow. The arrow hits Grinder.
Grinder is heavily wounded.
Grinder hits you.
* * * LOW HITPOINT WARNING * * *
You writhe in agony.
* * * LOW HITPOINT WARNING * * *
It was a potion of brilliance.
You feel clever all of a sudden. Grinder barely misses you.
Fire: a) +0 shortbow
Press: ? - help, Q - select action, (/) - cycle Shift-Dir - straight line, f/p - Grinder
Aim: Grinder (heavily wounded, 62% to hit)
You shoot an arrow. The arrow hits Grinder.
Grinder is heavily wounded.
Grinder gestures at you. You resist with significant effort.
Fire: a) +0 shortbow
Press: ? - help, Q - select action, (/) - cycle Shift-Dir - straight line, f/p - Grinder
Aim: Grinder (heavily wounded, 62% to hit)
You shoot an arrow. The arrow hits Grinder.
Grinder is heavily wounded.
Grinder blinks!
Fire: a) +0 shortbow
Press: ? - help, Q - select action, (/) - cycle Shift-Dir - straight line, f/p - Grinder
Aim: Grinder (heavily wounded, 62% to hit)
You shoot an arrow. The arrow hits Grinder.
Grinder is severely wounded.
Fire: a) +0 shortbow
Press: ? - help, Q - select action, (/) - cycle Shift-Dir - straight line, f/p - Grinder
Aim: Grinder (severely wounded, 62% to hit)
You shoot an arrow.
The arrow hits Grinder but does no damage.
Grinder is severely wounded.
Grinder hits you.
You die...

... ## ... #.# . ... # #.#
#.##.##.# #.# #..... .#
#########.# #. #..>...[#
#.........# #.##..#.#?.
##.......... #.##.#...#
.^.......###. #.##.##@#
###.####.# #. #.##.##5# #.#
#.# #. #.##.##.# #.# #.# #.
###.##.##.##.###.####.###.
#.........##..............
#.#.##.#########.####.###.
#.#.##.# #.# ##.###.
##.#.##.#########.###...##.
#.............<............


You could see Grinder.

Vanquished Creatures
  A scorpion (D:3)
  2 adders (D:2)
  An orc (D:3)
  6 ball pythons
  6 bats
  8 endoplasms
  3 giant cockroaches
  4 goblins
  4 hobgoblins
  3 jackals (D:1)
  5 kobolds
  4 quokkas
  A frilled lizard (D:3)
  5 rats
53 creatures vanquished.

Notes
Turn   | Place    | Note
-------+----------+-------------------------------------------
     0 | D:1      | Flugkiller the Formicid Hunter began the quest for the Orb.
     0 | D:1      | Reached XP level 1. HP: 16/16 MP: 1/1
   162 | D:1      | Reached XP level 2. HP: 19/23 MP: 2/2
   173 | D:1      | Reached skill level 3 in Fighting
   506 | D:1      | Reached XP level 3. HP: 29/29 MP: 3/3
   893 | D:1      | Found a faded altar of an unknown god.
   961 | D:2      | Reached skill level 4 in Fighting
  1045 | D:2      | Reached XP level 4. HP: 38/38 MP: 4/4
  1564 | D:3      | Noticed a scorpion
  1737 | D:3      | Killed a scorpion
  1738 | D:3      | Reached skill level 5 in Fighting
  1738 | D:3      | Reached XP level 5. HP: 44/46 MP: 5/5
  1850 | D:3      | Noticed Grinder
  1865 | D:3      | Slain by Grinder

Illustrated notes

Levels and vault maps discovered:
D:1:      amcnicky_arrival_blooded_trapdoor, layout_loops_corners,
          shapermc_ecumenical_altar_hornbeckon, st_stairs_7
D:2:      layout_basic, hangedman_abyss_or_decor_stabs,
          kennysheep_big_empty_room, minmay_tall_x
D:3:      layout_loops_ring, uniq_grinder

Skill      XL: |  1  2  3  4 |
---------------+-------------+-----
Fighting       | 3 4 5 |  5.7
Ranged Weapons | |  4.0
Dodging        | |  1.7
Stealth        | |  1.2

Action                   |  1- 3 |  4- 6 || total
-------------------------+-------+-------++-------
 Fire: Shortbow          |    55 |    69 ||   124
 Abil: Dig               |       |     1 ||     1
  Use: Potion            |       |     6 ||     6
Armor: Leather armour    |     2 |     7 ||     9
Dodge: Dodged            |     7 |    18 ||    25

Table legend: (Time is in decaauts)
 A = Elapsed time spent in this place.
 B = Non-inter-level travel time spent in this place.
 C = Inter-level travel time spent in this place.
 D = Time resting spent in this place.
 E = Time spent auto-exploring this place.
 F = Levels seen in this place.
 G = Mean time per level.
                   A        B        C        D        E       F      G
               +--------+--------+--------+--------+--------+-----+--------+
         Total |   1914 |   1803 |    111 |     79 |   1385 |   3 |  638.0 |
       Dungeon |   1914 |   1803 |    111 |     79 |   1385 |   3 |  638.0 |
               +--------+--------+--------+--------+--------+-----+--------+

Top non-repeatable levels by time:
     D:1: 954 daAuts
     D:2: 697 daAuts
     D:3: 262 daAuts
